 Dungeon Crawl Stone Soup version 0.32-a0-422-g28b100f618 (webtiles) character file.

Game seed: 5025995028463510027

119478 sdfx the Warrior (level 16, -11/152 HPs)
             Began as a Mountain Dwarf Reaver on Feb 22, 2024.
             Was an Elder of Kikubaaqudgha.
             Mangled by a naga warrior
             ... wielding a +0 dire flail
              (17 damage)
             ... on level 4 of the Snake Pit.
             The game lasted 03:14:06 (33635 turns).

sdfx the Warrior (Mountain Dwarf Reaver)           Turns: 33635, Time: 03:14:10

Health: -11/152    AC: 23    Str: 22    XL:     16   Next: 27%
Magic:  11/28      EV: 10    Int: 21    God:    Kikubaaqudgha [****..]
Gold:   1403       SH: 11    Dex:  8    Spells: 2/32 levels left

rFire   + . .        B - +2 trident (drain)
rCold   . . .        G - +0 kite shield
rNeg    . . .        n - +7 ring mail "Qibb" {Str+6}
rPois   +            t - +1 helmet
rElec   .            (no cloak)
rCorr   .            h - +2 pair of gloves {infuse}
SInv    .            S - +0 pair of boots
Will    +....        o - amulet "Soskea Eneic" {Reflect ^Fragile rPois Slay+5 SH+5 Stlth+} Stlth
                     e - ring of poison resistance
HPRegen 0.45/turn    y - ring of protection from fire
MPRegen 0.21/turn

%: reflection, infuse magic (1 MP)
@: death channelling (expiring), silenced, weakened, fugue, on blink cooldown,
studying Polearms
A: runic magic, artefact enchanting
a: Renounce Religion


You were on level 4 of the Snake Pit.
You worshipped Kikubaaqudgha.
Kikubaaqudgha was greatly pleased with you.
You visited 5 branches of the dungeon, and saw 21 of its levels.

You collected 1800 gold pieces.
You spent 397 gold pieces at shops.

Inventory:

Hand Weapons
 c - a +2 battleaxe of holy wrath
 q - a +2 glaive of venom
 u - a +0 dire flail of draining
 B - a +2 trident of draining (weapon)
 F - the +3 war axe "Ititsoc" {drain, rC+}
   (You found it on level 7 of the Dungeon)

   rC+:       It protects you from cold.
 I - a +2 great mace of venom
 J - the +5 mace of Winter {heavy, rElec Dex+2 Stlth+}
   (You found it on level 5 of the Lair of Beasts)

   Dex+2:     It affects your dexterity (+2).
   rElec:     It insulates you from electricity.
   Stlth+:    It makes you more stealthy.
 Q - a +2 antimagic whip
Missiles
 z - 26 poisoned darts (quivered)
Armour
 h - a +2 pair of gloves of infusion (worn)
 i - a +1 pair of gloves of dexterity
 j - a +4 plate armour
 n - the +7 ring mail "Qibb" (worn) {Str+6}
   (You found it on level 2 of the Dungeon)

   Str+6:     It affects your strength (+6).
 t - a +1 helmet (worn)
 G - a +0 kite shield (worn)
 L - a +0 buckler
 S - a +0 pair of boots (worn)
Jewellery
 e - a ring of poison resistance (left hand)
 o - the amulet "Soskea Eneic" (around neck) {Reflect ^Fragile rPois Slay+5 SH+5 Stlth+}
   (You found it on level 1 of the Lair of Beasts)

   [amulet of reflection]

   Reflect:   It reflects blocked missile attacks.
   Slay+5:    It affects your accuracy & damage with ranged weapons and melee
   (+5).
   rPois:     It protects you from poison ^Fragile: It will be destroyed if
   unequipped.
   SH+5:      It affects your SH (+5).
   Stlth+:    It makes you more stealthy.
 y - a ring of protection from fire (right hand)
 H - a ring of protection from cold
 M - a ring of poison resistance
 P - a ring of protection from cold
 R - a ring of fire
Wands
 m - a wand of flame (48)
 r - a wand of polymorph (14)
 s - a wand of mindburst (17)
 A - a wand of light (1)
 N - a wand of digging (6)
Scrolls
 b - a scroll of revelation
 w - 2 scrolls of identify
 D - 3 scrolls of immolation
 K - 2 scrolls of enchant weapon
 T - 2 scrolls of poison
 V - 2 scrolls of enchant armour
Potions
 a - 4 potions of haste
 d - a potion of lignification {unknown}
 f - 4 potions of degeneration
 g - 6 potions of brilliance
 k - 2 potions of resistance
 l - 2 potions of ambrosia {unknown}
 p - 2 potions of enlightenment
 v - 12 potions of mutation
 x - a potion of heal wounds
 C - 3 potions of might
 E - 2 potions of magic
 O - 3 potions of attraction {unknown}


   Skills:
 * Level 16.3 Fighting
 - Level 15.6 Maces & Flails
 + Level 14.6 Armour
 - Level 2.5 Dodging
 - Level 8.8 Spellcasting
 - Level 5.2 Conjurations
 + Level 14.1 Necromancy
 - Level 4.6 Translocations
 - Level 2.6 Earth Magic


You had 2 spell levels left.
You knew the following spells:

 Your Spells              Type           Power      Damage    Failure   Level
a - Kiss of Death         Conj/Necr      100%       2d13      1%          1
b - Momentum Strike       Conj/Tloc      60%        3d9       4%          2
c - Foxfire               Conj/Fire      80%        2x1d8     7%          1
d - Borgnjor's Vile Clut  Necr/Erth      22%        N/A       19%         5
e - Vampiric Draining     Necr           62%        2d10      1%          3
f - Blink                 Tloc           58%        N/A       4%          2
g - Fugue of the Fallen   Necr           62%        N/A       1%          3
h - Animate Dead          Necr           62%        N/A       1%          4
i - Passwall              Erth           20%        N/A       21%         3
j - Death Channel         Necr           31%        N/A       10%         6

Your spell library contained the following spells:

 Spells                   Type           Power      Damage    Failure   Level
 Necrotise                Necr           100%       1d9       1%          1
 Sublimation of Blood     Necr           62%        N/A       1%          2
 Magic Dart               Conj           100%       1d8       2%          1
 Static Discharge         Conj/Air       40%        3-5/arc   11%         2
 Call Imp                 Summ           18%        N/A       30%         2
 Ensorcelled Hibernation  Hex/Ice        18%        N/A       30%         2
 Mercury Vapours          Alch/Air       18%        N/A       30%         2
 Dispel Undead            Necr           62%        3d22      1%          4
 Curse of Agony           Necr           62%        N/A       1%          5
 Anguish                  Hex/Necr       19%        N/A       11%         4
 Martyr's Knell           Necr/Summ      38%        N/A       11%         4
 Dazzling Flash           Conj/Hex       40%        N/A       21%         3
 Hailstorm                Conj/Ice       20%        3d7       21%         3
 Volatile Blastmotes      Fire/Tloc      38%        2d13      24%         3
 Iskenderun's Mystic Bla  Conj/Tloc      30%        2d8       26%         4
 Mephitic Cloud           Conj/Alch/Air  16%        N/A       30%         3
 Passage of Golubria      Tloc           29%        N/A       30%         4
 Call Canine Familiar     Summ           9%         N/A       52%         3
 Confusing Touch          Hex            9%         N/A       52%         3
 Inner Flame              Hex/Fire       9%         N/A       52%         3
 Sigil of Binding         Hex            9%         N/A       52%         3
 Summon Ice Beast         Ice/Summ       9%         N/A       52%         3
 Swiftness                Air            9%         N/A       52%         3
 Tukima's Dance           Hex            9%         N/A       52%         3
 Fulminant Prism          Conj/Alch      10%        3d9       56%         4
 Dimensional Bullseye     Hex/Tloc       9%         N/A       61%         4
 Petrify                  Alch/Erth      14%        N/A       75%         4
 Irradiate                Conj/Alch      10%        3d15      88%         5
 Airstrike                Air            4%         2d(1-17)  90%         4
 Summon Lightning Spire   Summ/Air       9%         N/A       90%         4
 Freezing Cloud           Conj/Ice/Air   8%         6-21      95%         5
 Silence                  Hex/Air        4%         N/A       99%         5
 Summon Mana Viper        Hex/Summ       9%         N/A       99%         5
 Yara's Violent Unravell  Hex/Alch       4%         3d4       99%         5
 Infestation              Necr           31%        N/A       99%         8
 Plasma Beam              Fire/Air       4%         2x1d14    100%        6
 Starburst                Conj/Fire      10%        6d5       100%        6
 Haunt                    Necr/Summ      19%        N/A       100%        7
 Monstrous Menagerie      Summ           4%         N/A       100%        7
 Ignition                 Fire           4%         3d4       100%        8
 Maxwell's Capacitive Co  Air            4%         ∞         100%        8


Dungeon Overview and Level Annotations

Branches:
Dungeon (10/15)            Temple (1/1) D:7            Lair (5/5) D:10
 Shoals (1/4) Lair:2        Snake (4/4) Lair:3        Slime (0/5) Lair:5
    Orc: D:9-12

Altars:
Ashenzari
Cheibriados
Dithmenos
Elyvilon
Fedhas
Gozag
Hepliaklqana
Kikubaaqudgha
Makhleb
Nemelex Xobeh
Okawaru
Qazlal
Ru
Sif Muna
Trog
Uskayaw
Vehumet
Wu Jian
Xom
Yredelemnul
Zin
The Shining One
Beogh
Jiyva

Shops:
D:1 *   D:5 [   D:6 [   D:8 (   D:10 *   Snake:1 :   Snake:3 :**

Annotations:
D:7 pazhot's ghost, novice MiFi
Snake:2 1 runed translucent door, Pooter's ghost, adept MiBe
Snake:3 3 runed translucent doors, exclusion: obsidian statue, ShangFenghuang's ghost, adept GnIE


Innate Abilities, Weirdness & Mutations

Your spellcasting is much less encumbered by armour.
You can use scrolls of enchantment on lesser artefacts.


Message History

The naga warrior blinks!
The naga blinks into view!
The salamander tyrant blinks!
The naga warrior blinks into view!
The black mamba blinks!
The salamander mystic blinks!
Your spectral salamander barely misses the salamander mystic.
You block the guardian serpent's attack.
Your spectral shock serpent bites the guardian serpent but does no damage.
The guardian serpent hits your shock serpent zombie!
Casting: Fugue of the Fallen (safe; 1% risk of failure)
Confirm with . or Enter, or press ? or * to list all spells.
You blink.
Your shock serpent zombie bites the guardian serpent!
The guardian serpent casts a spell at you.
The naga warrior blinks! x2; The salamander mystic blinks!
The guardian serpent blinks!
The black mamba closely misses you. You block the naga's attack. x2
The salamander tyrant barely misses you.
Your unholy channel is weakening.
The black mamba bites you.
The guardian serpent casts a spell at you.
The naga blinks!
The naga warrior blinks!
The salamander mystic blinks!
The guardian serpent hits you but does no damage.
You block the black mamba's attack.
The naga warrior hits you with a +0 dire flail!!!
* * * LOW HITPOINT WARNING * * *
You block the naga warrior's attack.
The salamander tyrant hits you but does no damage.
As you read the scroll of silence, it crumbles to dust.
A profound silence engulfs you. The black mamba completely misses you.
The guardian serpent closely misses you.
The salamander mystic hits you with a +0 dagger!
* * * LOW HITPOINT WARNING * * *
You are engulfed in flames.
You resist.
* * * LOW HITPOINT WARNING * * *
The naga warrior hits you with a +0 scimitar!!
* * * LOW HITPOINT WARNING * * *
The naga warrior closely misses you.
Your spectral shock serpent bites the salamander tyrant.
The naga warrior hits you with a +0 dire flail!
You die...
Kikubaaqudgha rasps: You have failed me!
Welcome... death!

#...#.........#
.###. .#.....
......####.....
#.....)##
#..##.#..§...
#.###.....'.§§≈§≈
##†.#...≈Z'.≈§≈§≈
##.....≈Z'.≈≈≈§≈
###.§§ZZ.#..NN..
#...NNN.###.....
.# .....###S@SS#
.###. #..... .##.
##NN.# . ### ....
# ##..# ####.# #
... #..### ##..#
# #.##
##)..####...# #
#..##
####.......## #
#...# #........##
# ##..# #
#.........##
###Z..#.#
##.........##


You could see 2 naga warriors, a salamander tyrant (strong, drained, ally
target), a salamander mystic (strong), 2 guardian serpents, a black mamba, a
naga (strong, unsilenced), a friendly spectral salamander, a friendly spectral
shock serpent, a friendly salamander zombie and a friendly shock serpent zombie.

Vanquished Creatures
  Gastronok (Lair:1)
  A nagaraja (Snake:4)
  5 hydras
  3 catoblepae (Lair:5)
  2 salamander tyrants (Snake:3)
  Erolcha (D:9)
  5 anacondas
  A boulder beetle (Lair:5)
  2 two-headed ogres
  6 naga sharpshooters
  9 death yaks (Lair:5)
  9 naga warriors
  8 shock serpents
  Nergalle (Lair:2)
  2 sea snakes (Snake:1)
  A salamander mystic (Snake:3)
  A lindwurm (Lair:4)
  4 mana vipers
  6 naga ritualists
  An ugly thing (D:10)
  A manticore (Lair:5)
  15 salamanders
  33 black mambas
  A guardian serpent (Snake:3)
  3 elephants (Lair:2)
  2 torpor snails
  5 naga magi
  11 cane toads
  Jeremiah (D:6)
  3 kobold demonologists
  4 rime drakes
  10 komodo dragons
  2 trolls
  A polar bear (Lair:5)
  2 hornets (D:9)
  3 blink frogs (Lair:2)
  5 dream sheep (Lair:5)
  Sigmund (D:3)
  28 yaks
  4 wyverns
  9 basilisks
  2 wargs
  3 steam dragons
  Edmund (D:5)
  28 nagas
  19 water moccasins
  Duvessa (D:7)
  6 orc warriors
  2 sky beasts
  A black bear (D:6)
  An ice beast (D:7)
  10 wolves
  A tengu (Snake:3)
  An ogre (D:5)
  A phantom (D:4)
  8 centaurs
  3 kobold brigands
  12 bullfrogs
  2 gnoll sergeants (D:10)
  3 scorpions
  4 wights (D:10)
  Dowan (D:7)
  16 killer bees
  3 electric eels (Snake:1)
  4 howler monkeys (D:10)
  A crimson imp (D:8)
  A bombardier beetle (D:4)
  2 hounds (D:5)
  3 orc priests
  2 gnoll boudas
  3 jellies
  A sleepcap (D:7)
  2 iguanas (D:5)
  3 orc wizards
  20 gnolls
  12 adders
  2 ufetubi (D:5)
  3 dart slugs
  6 ribbon worms
  19 orcs
  4 endoplasms
  3 giant cockroaches
  8 goblins
  5 hobgoblins
  11 jackals
  7 quokkas
  10 ball pythons
  4 bats
  A frilled lizard (D:2)
  22 kobolds
  5 rats
506 creatures vanquished.

Vanquished Creatures (collateral kills)
  Nikola (Snake:1)
  A hydra (Lair:5)
  3 anacondas
  2 death yaks (Lair:5)
  5 naga warriors
  7 naga sharpshooters
  5 shock serpents
  A skyshark (Lair:5)
  3 salamander mystics
  A sea snake (Snake:1)
  4 naga ritualists
  7 mana vipers
  A manticore (Lair:5)
  11 salamanders
  A guardian serpent (Snake:2)
  22 black mambas
  5 naga magi
  A rime drake (Lair:5)
  3 cane toads (Lair:5)
  A dream sheep (Lair:5)
  13 yaks
  14 nagas
  A water moccasin (Lair:5)
  A wolf (Lair:5)
  A lava snake (Snake:3)
  An orc (D:7)
116 creatures vanquished.

Vanquished Creatures (others)
  2 anacondas (Snake:4)
  A naga sharpshooter (Snake:3)
  2 shock serpents
  5 anaconda zombies
  2 naga ritualists
  4 black mambas (Snake:3)
  2 naga magi (Snake:3)
  3 shock serpent zombies
  5 mana viper zombies
  A catoblepas zombie (Lair:5)
  A sea snake zombie (Snake:1)
  2 death yak zombies (Lair:5)
  A hydra zombie (Lair:5)
  20 black mamba zombies
  5 nagas
  4 cane toad zombies (Lair:5)
  29 naga zombies
  2 dream sheep zombies (Lair:5)
  9 salamander zombies (Snake:3)
  A komodo dragon zombie (Lair:4)
  A wyvern zombie (Lair:5)
  6 yak zombies (Lair:5)
  3 wolf zombies (Lair:5)
  A bullfrog zombie (Lair:4)
  12 foxfires
124 creatures vanquished.

Grand Total: 746 creatures vanquished

Notes
Turn   | Place    | Note
-------+----------+-------------------------------------------
     0 | D:1      | sdfx the Mountain Dwarf Reaver began the quest for the Orb.
     0 | D:1      | Reached XP level 1. HP: 17/17 MP: 3/3
    46 | D:1      | Found Elyumali's Assorted Antiques.
    68 | D:1      | Reached XP level 2. HP: 24/24 MP: 4/4
   348 | D:1      | Reached skill level 5 in Maces & Flails
   435 | D:1      | Reached XP level 3. HP: 23/29 MP: 5/5
  1009 | D:2      | Found a sparkling altar of Nemelex Xobeh.
  1149 | D:2      | Reached XP level 4. HP: 17/28 MP: 6/6
  1594 | D:2      | Identified the +7 ring mail "Qibb" {Str+6}
  2002 | D:2      | Identified the +0 ring mail "Iluizol" {rElec SInv Stlth+}
  2172 | D:3      | Found a shimmering altar of Xom.
  2182 | D:3      | Reached skill level 3 in Fighting
  2182 | D:3      | Reached XP level 5. HP: 43/44 MP: 7/7
  2201 | D:3      | Found a glowing silver altar of Zin.
  2204 | D:3      | Found a basalt altar of Yredelemnul.
  2381 | D:3      | Found a bloodstained altar of Trog.
  2385 | D:3      | Learned a level 2 spell: Momentum Strike
  2495 | D:3      | Noticed Sigmund
  2515 | D:3      | Killed Sigmund
  2516 | D:3      | Reached skill level 4 in Fighting
  2516 | D:3      | Reached XP level 6. HP: 31/53 MP: 6/8
  3186 | D:4      | Reached skill level 5 in Fighting
  3246 | D:4      | Learned a level 1 spell: Foxfire
  3380 | D:4      | Found a snail-covered altar of Cheibriados.
  3384 | D:4      | Noticed a water moccasin
  3401 | D:4      | Killed a water moccasin
  3402 | D:4      | Reached XP level 7. HP: 36/59 MP: 6/9
  3513 | D:4      | Found an opulent altar of Gozag.
  3683 | D:4      | Reached skill level 6 in Fighting
  3735 | D:4      | Reached skill level 5 in Conjurations
  4235 | D:5      | Entered Level 5 of the Dungeon
  4357 | D:5      | Found Bameopem's Antique Armour Shop.
  4422 | D:5      | Reached skill level 7 in Fighting
  4556 | D:5      | Found a sacrificial altar of Ru.
  4671 | D:5      | Reached XP level 8. HP: 71/73 MP: 7/10
  4791 | D:5      | Found a hazy altar of Hepliaklqana.
  4989 | D:5      | Reached skill level 8 in Fighting
  5130 | D:5      | Noticed Edmund
  5141 | D:5      | Killed Edmund
  5303 | D:5      | Learned a level 1 spell: Necrotise
  5428 | D:5      | Found a sparkling altar of Nemelex Xobeh.
  5503 | D:6      | Reached skill level 1 in Necromancy
  5562 | D:6      | Found a glowing golden altar of the Shining One.
  5901 | D:6      | Found Jeybbum's Antique Armour Boutique.
  5958 | D:7      | Noticed Jeremiah
  5969 | D:6      | Killed Jeremiah
  5979 | D:6      | Learned a level 3 spell: Vampiric Draining
  6163 | D:7      | Noticed Dowan
  6164 | D:7      | Noticed Duvessa
  6196 | D:6      | Reached XP level 9. HP: 64/82 MP: 11/11
  6339 | D:7      | Killed Dowan
  6341 | D:7      | Killed Duvessa
  6342 | D:7      | Reached skill level 5 in Necromancy
  6483 | D:7      | Found a runed translucent gate.
  6483 | D:7      | Noticed pazhot's ghost (novice MiFi)
  6484 | D:7      | Found a runed translucent gate.
  6485 | D:7      | Found a runed translucent gate.
  6596 | D:7      | Noticed a kobold demonologist
  6596 | D:7      | Noticed a kobold demonologist
  6606 | D:7      | Noticed a hellwing
  6612 | D:7      | Noticed a smoke demon
  6620 | D:7      | Killed a kobold demonologist
  6632 | D:7      | Killed a kobold demonologist
  6765 | D:7      | Identified the +3 war axe "Ititsoc" {drain, rC+}
  6835 | D:7      | Learned a level 2 spell: Blink
  6875 | D:7      | Reached skill level 10 in Maces & Flails
  6878 | D:7      | Reached skill level 1 in Translocations
  7135 | D:7      | Found a staircase to the Ecumenical Temple.
  7229 | D:7      | Found a roughly hewn altar of Beogh.
  7338 | Temple   | Entered the Ecumenical Temple
  7347 | Temple   | Became a worshipper of Kikubaaqudgha
  8220 | D:7      | Got Sif Muna's More Witchery
  8354 | D:8      | Reached XP level 10. HP: 89/90 MP: 2/12
  8655 | D:8      | Reached skill level 1 in Armour
  8668 | D:8      | Reached skill level 9 in Fighting
  8860 | D:8      | Found Mauthoh's Weapon Emporium.
  8891 | D:8      | Bought a +2 great mace of venom for 277 gold pieces
  8978 | D:8      | Identified the +11 dagger "Akhlop" {pain, Int-3 Dex+3 SInv}
  9096 | D:8      | Found a burning altar of Makhleb.
  9096 | D:8      | Found a radiant altar of Vehumet.
  9384 | D:9      | Noticed a two-headed ogre
  9399 | D:9      | Killed a two-headed ogre
  9652 | D:9      | Reached * piety under Kikubaaqudgha
  9652 | D:9      | Received a gift from Kikubaaqudgha
  9868 | D:9      | Found an ornate altar of the Wu Jian Council.
 10371 | D:9      | Noticed Erolcha
 10522 | D:9      | Killed Erolcha
 10706 | D:10     | Entered Level 10 of the Dungeon
 11248 | D:10     | Reached XP level 11. HP: 66/97 MP: 9/13
 11392 | D:10     | Found Nadut's Assorted Antiques.
 11400 | D:10     | Bought a tiny beryl amulet for 120 gold pieces
 11454 | D:10     | Found a staircase to the Lair.
 11574 | D:10     | Learned a level 3 spell: Fugue of the Fallen
 11734 | D:10     | Reached skill level 10 in Fighting
 11742 | D:10     | Noticed a purple ugly thing
 11755 | D:10     | Killed a purple ugly thing
 11762 | D:10     | Reached ** piety under Kikubaaqudgha
 11911 | D:10     | Noticed a four-headed hydra
 11911 | D:10     | Noticed a centaur warrior
 11911 | D:10     | Noticed a deep elf pyromancer
 11920 | D:10     | Noticed a cyan ugly thing
 11920 | D:10     | Noticed a centaur warrior
 11920 | D:10     | Noticed a wolf spider
 11920 | D:10     | Noticed a skeletal warrior
 12012 | D:10     | Reached skill level 5 in Armour
 12315 | D:10     | Noticed a two-headed ogre
 12338 | D:10     | Killed a two-headed ogre
 12568 | Lair:1   | Entered Level 1 of the Lair of Beasts
 12680 | Lair:1   | Reached skill level 11 in Fighting
 13235 | Lair:1   | Identified the amulet "Soskea Eneic" {Reflect ^Fragile
                  | rPois Slay+5 SH+5 Stlth+}
 13908 | Lair:1   | Noticed Gastronok
 13937 | Lair:1   | Killed Gastronok
 13938 | Lair:1   | Reached skill level 12 in Fighting
 13938 | Lair:1   | Reached XP level 12. HP: 51/112 MP: 8/14
 13939 | Lair:1   | Reached *** piety under Kikubaaqudgha
 13939 | Lair:1   | Received a gift from Kikubaaqudgha
 14589 | Lair:2   | Noticed Nergalle
 14597 | Lair:2   | Killed Nergalle
 14719 | Lair:2   | Found a staircase to the Shoals.
 16087 | Shoals:1 | Entered Level 1 of the Shoals
 16092 | Shoals:1 | Noticed a centaur warrior
 16504 | Lair:3   | Reached skill level 1 in Earth Magic
 16595 | Lair:3   | Found a staircase to the Snake Pit.
 16647 | Lair:3   | Noticed a five-headed hydra
 16660 | Lair:3   | Killed a five-headed hydra
 16661 | Lair:3   | Reached skill level 10 in Armour
 17062 | Lair:3   | Learned a level 4 spell: Animate Dead
 17349 | Lair:3   | Noticed a six-headed hydra
 17356 | Lair:3   | Killed a six-headed hydra
 18323 | Lair:4   | Noticed an eight-headed hydra
 18593 | Lair:4   | Learned a level 3 spell: Passwall
 19045 | Lair:4   | Reached XP level 13. HP: 115/119 MP: 16/20
 19097 | Lair:4   | Reached skill level 5 in Spellcasting
 20002 | Lair:4   | HP: 3/119 [komodo dragon (4)]
 20317 | Lair:4   | Reached **** piety under Kikubaaqudgha
 20548 | Lair:5   | Entered Level 5 of the Lair of Beasts
 21188 | Lair:5   | Reached skill level 10 in Necromancy
 21313 | Lair:5   | Found a staircase to the Slime Pits.
 21314 | Lair:5   | Found a viscous altar of Jiyva.
 21498 | Lair:5   | Learned a level 6 spell: Death Channel
 21583 | Lair:5   | Reached ***** piety under Kikubaaqudgha
 21897 | Lair:5   | Reached XP level 14. HP: 38/127 MP: 2/26
 22489 | Lair:5   | Identified the +5 mace of Winter {heavy, rElec Dex+2
                  | Stlth+}
 23113 | Snake:1  | Entered Level 1 of the Snake Pit
 23299 | Snake:1  | Noticed Nikola
 23324 | Snake:1  | HP: 5/127 [mana viper (15)]
 23330 | Snake:1  | Killed Nikola
 23621 | Snake:1  | Found Yqorch's Distillery.
 23626 | Snake:1  | Found Cixofry's Book Shoppe.
 24423 | Snake:1  | Reached skill level 15 in Maces & Flails
 26013 | Snake:2  | HP: 5/127 [naga/+0 long sword (13)]
 26294 | Snake:2  | Reached skill level 13 in Fighting
 27233 | Snake:2  | Reached XP level 15. HP: 75/136 MP: 11/27
 27535 | Snake:2  | Found a runed translucent door.
 27726 | Snake:2  | Noticed Pooter's ghost (adept MiBe)
 28312 | Snake:3  | Found a runed translucent gate.
 28312 | Snake:3  | Found a runed translucent gate.
 28312 | Snake:3  | Found a runed translucent gate.
 28313 | Snake:3  | Found an opulent altar of Gozag.
 28325 | Snake:3  | Reached skill level 14 in Fighting
 29310 | Snake:3  | HP: 6/139 [shock serpent (14)]
 29640 | Snake:3  | Learned a level 5 spell: Borgnjor's Vile Clutch
 30118 | Snake:3  | Noticed ShangFenghuang's ghost (adept GnIE)
 30471 | Snake:3  | Reached skill level 15 in Fighting
 30530 | Snake:3  | Found Moossodi's Assorted Antiques.
 30530 | Snake:3  | Found Lietzute's Assorted Antiques.
 32129 | Snake:3  | Found Nuyxosk's Tremendous Tomes.
 32445 | Snake:4  | Entered Level 4 of the Snake Pit
 32665 | Snake:4  | Reached XP level 16. HP: 147/150 MP: 15/28
 33091 | Snake:4  | Reached skill level 16 in Fighting
 33635 | Snake:4  | HP: 6/152 [naga warrior/+0 scimitar (25)]
 33635 | Snake:4  | Mangled by a naga warrior

Illustrated notes

Levels and vault maps discovered:
D:1:      dpeg_arrival_pits, layout_loops_cross, serial_shops,
          nicolae_shop_tiny_statue_garden
D:2:      layout_loops_ring, basic_altar, chequers_avenue
D:3:      layout_loops_corners, trog_three_pillars_becter,
          grunt_temple_overflow_open, uniq_sigmund
D:4:      layout_basic, lemuel_round_altar, nicolae_gozag_seed_capital,
          minmay_manual_moon
D:5:      layout_loops_ring, old_standard_altar, nemelex_diamond_rough_becter,
          nzn_hepliaklqana_mist_gate, serial_shops, shop, wad_rectangle_vault,
          uniq_edmund
D:6:      layout_basic, lemuel_crystal_altar, serial_shops,
          kennysheep_little_box, serial_library_hellmonk_hallway_a
D:7:      layout_rooms, minmay_temple_entry_nine_rooms,
          biasface_ghost_orc_armoury, minmay_misc_feat_roman, uniq_jeremiah,
          uniq_duvessa
D:8:      layout_basic, grunt_temple_overflow_lords_of_destruction,
          kennysheep_small_circle
D:9:      layout_stronghold, nicolae_wu_jian_immortal_techniques, serial_rivers,
          chequers_serial_rivers_small_3, chequers_serial_rivers_micro_e,
          chequers_serial_rivers_large_b, chequers_serial_rivers_micro_c,
          chequers_serial_rivers_micro_b, chequers_serial_rivers_small_b,
          uniq_erolcha
D:10:     layout_long_grid, minmay_lair_entry_grove, serial_shops,
          nicolae_shop_hallway_stairs, minivault_12
Temple:   dpeg_three_leaves_temple
Lair:1:   layout_small_grid, serial_bayou_shore_b, uniq_gastronok
Lair:2:   layout_cave_pods, minmay_shoals_entry_centaurs, uniq_nergalle
Lair:3:   layout_cave_pods, guppyfry_snake_entry_garden
Lair:4:   layout_loops_ring, hangedman_lair_generics_rect
Lair:5:   evilmike_catoblepas_cave, layout_big_grid, slime_entry_1, st_stairs_9,
          grunt_forest_stairs_basic, minivault_25, grunt_megastairs_1
Shoals:1: layout_shoals, serial_shops, nicolae_shop_window_shopping, shop, shop,
          nicolae_shop_drivethru, nicolae_shop_advertising_works
          [nicolae_subvault_shop_adworks]
Snake:1:  layout_grid_maze, serial_bayou_ford_a, minmay_shop_star,
          serial_bayou_shore_a, uniq_nikola
Snake:2:  layout_misc_corridors, ebering_ghost_reflecting_pool,
          statue_in_the_mist_lemuel, grunt_ministairs_13
Snake:3:  hangedman_cross_veins, layout_basic, ebering_ghost_gozag,
          nicolae_shop_i_like_big_books, grunt_ministairs_11,
          nicolae_snake_salamander_zone
Snake:4:  grunt_snake_rune_pools, layout_chambers,
          nicolae_snake_serpentine_bazaar, uniq_roxanne

Skill      XL: |  1  2  3  4  5  6  7  8  9 10 11 12 13 14 15 16 |
---------------+-------------------------------------------------+-----
Maces & Flails | 4 5 6 8 10 14 15 | 15.6
Fighting       | 3 4 5 7 8 9 12 13 15 16 | 16.3
Conjurations   | 3 4 5 |  5.2
Necromancy     | 4 6 7 11 12 13 14 | 14.1
Translocations | 2 4 |  4.6
Armour         | 2 8 11 13 14 | 14.6
Dodging        | 2 |  2.5
Spellcasting   | 4 8 |  8.8
Earth Magic    | 2 |  2.6

Action                     |  1- 3 |  4- 6 |  7- 9 | 10-12 | 13-15 | 16-18 || total
---------------------------+-------+-------+-------+-------+-------+-------++-------
  Melee: Mace              |   134 |    24 |     4 |       |   271 |    36 ||   469
         Dagger            |       |   172 |   197 |       |       |       ||   369
         Dire flail        |       |       |   203 |   105 |    52 |       ||   360
         Short sword       |       |       |     2 |       |       |       ||     2
         Great mace        |       |       |       |   425 |   189 |       ||   614
         Whip              |       |       |       |       |     7 |       ||     7
         Trident           |       |       |       |       |    99 |     6 ||   105
  Throw: Dart              |       |       |     6 |     7 |     3 |       ||    16
   Cast: Kiss of Death     |     2 |     3 |     1 |       |       |       ||     6
         Momentum Strike   |       |     2 |     2 |       |       |       ||     4
         Foxfire           |       |       |     4 |     4 |       |       ||     8
         Necrotise         |       |       |     3 |    34 |     3 |       ||    40
         Blink             |       |       |     1 |     2 |     4 |     1 ||     8
         Fugue of the Fall |       |       |       |     3 |    22 |     3 ||    28
         Animate Dead      |       |       |       |       |    24 |     1 ||    25
         Death Channel     |       |       |       |       |    28 |     4 ||    32
 Invoke: Unearth Wretches  |       |       |       |       |    12 |     2 ||    14
  Evoke: Wand              |       |       |    12 |     5 |     8 |       ||    25
    Use: Scroll            |       |     7 |     5 |     6 |    17 |     1 ||    36
         Potion            |       |       |     1 |       |    10 |       ||    11
   Stab: Invisible         |       |       |       |     2 |       |       ||     2
         Sleeping          |       |       |       |       |     3 |       ||     3
         Distracted        |       |       |       |       |     4 |     1 ||     5
         Paralysed         |       |       |       |       |    17 |     2 ||    19
 Armour: Leather armour    |    87 |    17 |       |       |       |       ||   104
         Ring mail         |       |   111 |   380 |   549 |   781 |    59 ||  1880
  Dodge: Dodged            |    80 |    98 |   229 |   322 |   298 |    30 ||  1057
  Block: Other             |       |       |       |    76 |   102 |       ||   178
         Reflection        |       |       |       |     7 |    16 |     2 ||    25
         Kite shield       |       |       |       |       |   124 |    34 ||   158

Table legend: (Time is in decaauts)
 A = Elapsed time spent in this place.
 B = Non-inter-level travel time spent in this place.
 C = Inter-level travel time spent in this place.
 D = Time resting spent in this place.
 E = Time spent auto-exploring this place.
 F = Levels seen in this place.
 G = Mean time per level.
                   A        B        C        D        E       F      G
               +--------+--------+--------+--------+--------+-----+--------+
         Total |  33746 |  31702 |   2044 |   7649 |  18018 |  21 | 1607.0 |
       Dungeon |  13003 |  12031 |    972 |    989 |   8628 |  10 | 1300.3 |
        Temple |     18 |      2 |     16 |      0 |      0 |   1 |   18.0 |
          Lair |  10111 |   9212 |    899 |   2320 |   5329 |   5 | 2022.2 |
        Shoals |     13 |     13 |      0 |      0 |      4 |   1 |   13.0 |
     Snake Pit |  10599 |  10442 |    157 |   4340 |   4056 |   4 | 2649.8 |
               +--------+--------+--------+--------+--------+-----+--------+

Top non-repeatable levels by time:
 Snake:3: 4208 daAuts
 Snake:1: 3584 daAuts
    D:10: 2326 daAuts
  Lair:5: 2207 daAuts
  Lair:1: 2187 daAuts
  Lair:4: 2186 daAuts
  Lair:2: 1780 daAuts
  Lair:3: 1749 daAuts
     D:7: 1691 daAuts
 Snake:2: 1595 daAuts
     D:2: 1278 daAuts
     D:9: 1227 daAuts
     D:5: 1216 daAuts
 Snake:4: 1210 daAuts
     D:8: 1175 daAuts
